 Dungeon Crawl Stone Soup version 0.30-a0-339-g89bb51ec76 (webtiles) character file.

Game seed: 2694905246160624005

25914 hikkokomori the Geomancer (level 12, -5/94 HPs)
             Began as a Demigod Earth Elementalist on Oct 31, 2022.
             Slain by a troll (11 damage)
             ... on level 2 of the Orcish Mines.
             The game lasted 00:58:17 (16092 turns).

hikkokomori the Geomancer (DgEE)                   Turns: 16092, Time: 00:58:19

Health: -5/94      AC:  4    Str:  9    XL:     12   Next: 57%
Magic:  1/25       EV: 12    Int: 33    God:
Gold:   848        SH:  0    Dex: 14    Spells: 3/23 levels left

rFire   . . .      SeeInvis +    H - staff of conjuration
rCold   . . .      Faith    .    (no shield)
rNeg    . . .      Spirit   .    a - +0 robe
rPois   .          Reflect  .    I - +0 helmet
rElec   .          Harm     .    p - +0 cloak
rCorr   .          Rampage  .    (no gloves)
Will    +....                    (no boots)
Stlth   ++........               (no amulet)
HPRegen 0.35/turn                E - ring of wizardry
MPRegen 0.19/turn                e - ring of see invisible

@: no status effects
A: high MP 1, forlorn, divine attributes
a: no special abilities


You were on level 2 of the Orcish Mines.
You visited 2 branches of the dungeon, and saw 14 of its levels.
You also visited: Ossuary.

You collected 1124 gold pieces.
You spent 276 gold pieces at shops.

Inventory:

Hand Weapons
 K - a +0 triple sword
 L - a +0 triple crossbow
 X - a +1 scimitar of flaming
Missiles
 G - 5 throwing nets
 J - 8 curare-tipped darts
Armour
 a - a +0 robe (worn)
 c - a +0 buckler
 p - a +0 cloak (worn)
 A - the +0 ring mail of the Black Moon {Rampage +Inv rC-}
   (You found it on level 4 of the Dungeon)

   rC:        It makes you vulnerable to cold.
   +Inv:      It lets you turn invisible.
   Rampage:   It bestows one free step when moving towards enemies.
 I - a +0 helmet (worn)
 Y - the +6 scale mail of the Many Bones {rElec rPois}
   (You took it off a gnoll sergeant on level 11 of the Dungeon)

   rElec:     It insulates you from electricity.
   rPois:     It protects you from poison.
Magical Staves
 g - a staff of fire
 h - a staff of death
 H - a staff of conjuration (weapon)
Jewellery
 b - a ring of protection from cold
 e - a ring of see invisible (right hand)
 m - a +6 ring of dexterity
 t - a ring of poison resistance
 E - a ring of wizardry (left hand)
 N - a ring of wizardry
 R - a ring of resist corrosion
 V - a +6 ring of dexterity
Wands
 S - a wand of roots (8)
 U - a wand of polymorph (3)
 Z - a wand of quicksilver (7)
Scrolls
 n - a scroll of brand weapon {unknown}
 q - 4 scrolls of enchant armour
 v - 4 scrolls of teleportation
 y - 3 scrolls of enchant weapon
 B - 3 scrolls of torment
 C - 2 scrolls of fog {unknown}
 Q - 2 scrolls of amnesia
 T - a scroll of summoning {unknown}
Potions
 f - 3 potions of mutation
 i - 7 potions of curing
 k - 4 potions of cancellation
 l - 5 potions of lignification
 o - 4 potions of flight
 s - a potion of heal wounds
 u - a potion of berserk rage
 w - 6 potions of attraction
 x - 2 potions of might
 z - 3 potions of haste
 P - a potion of resistance {unknown}
 W - a potion of brilliance {unknown}


   Skills:
 + Level 5.4 Fighting
 - Level 0.2 Ranged Weapons
 - Level 1.7 Dodging
 - Level 1.7 Stealth
 + Level 6.4 Spellcasting
 + Level 8.9 Conjurations
 - Level 6.5 Transmutations
 - Level 6.0 Ice Magic
 - Level 6.0 Air Magic
 + Level 11.5 Earth Magic
 - Level 3.8 Poison Magic


You had 3 spell levels left.
You knew the following spells:

 Your Spells              Type           Power      Damage    Failure   Level
a - Sandblast             Erth           100%       2d20      1%          1
b - Passwall              Tmut/Erth      52%        N/A       1%          2
c - Stone Arrow           Conj/Erth      100%       3d13      1%          3
d - Mephitic Cloud        Conj/Pois/Air  67%        N/A       1%          3
e - Freezing Cloud        Conj/Ice/Air   35%        6-21      2%          5
f - Statue Form           Tmut/Erth      42%        N/A       6%          6

Your spell library contained the following spells:

 Spells                   Type           Power      Damage    Failure   Level
 Apportation              Tloc           20%        N/A       1%          1
 Magic Dart               Conj           100%       1d8       1%          1
 Slow                     Hex            40%        N/A       1%          1
 Momentum Strike          Conj/Tloc      100%       3d10      1%          2
 Searing Ray              Conj           100%       2d8       1%          2
 Ignite Poison            Fire/Tmut/Pois 33%        N/A       1%          3
 Call Imp                 Summ           10%        N/A       2%          2
 Kindle Blastsparks       Fire/Tloc/Air  46%        2d13      2%          3
 Confusing Touch          Hex            10%        N/A       4%          3
 Vampiric Draining        Necr           10%        2d6       4%          3
 Petrify                  Tmut/Erth      63%        N/A       1%          4
 Fulminant Prism          Conj/Hex       28%        3d14      2%          4
 Alistair's Intoxication  Tmut/Pois      30%        N/A       5%          5
 Cause Fear               Hex            5%         N/A       16%         4
 Manifold Assault         Tloc           10%        N/A       16%         4
 Dragon Form              Tmut           26%        N/A       65%         7
 Malign Gateway           Summ/Tloc      5%         N/A       100%        7
 Dragon's Call            Summ           5%         N/A       100%        9


Dungeon Overview and Level Annotations

Branches:
Dungeon (12/15)            Temple (0/1) D:7            Lair (0/5) D:9
    Orc (2/2) D:10        Ossuary (visited)
    Elf: Orc:2

Shops:
D:4 *   Orc:1 ?   Orc:2 :

Portals:
Abyss: D:5

Annotations:
D:11 1 runed translucent door


Innate Abilities, Weirdness & Mutations

You have an increased reservoir of magic. (+10% MP)
You shall have no god before yourself.
Your divine heritage dramatically boosts your attributes as you level up.


Message History

Confirm with . or Enter, or press ? or * to list all spells.
Aiming: Stone Arrow (safe; 1% risk of failure)
Press: ? - help, Shift-Dir - straight line You feel a surge of power!
The stone arrow hits the troll!
The troll is almost dead.
The ogre shouts!
The troll is engulfed in freezing vapours.
You kill the troll!
Casting: Stone Arrow (safe; 1% risk of failure)
Confirm with . or Enter, or press ? or * to list all spells.
Aiming: Freezing Cloud (dangerous; 2% risk of failure)
Press: ? - help, Dir - move target, f - troll
Aim: a troll You feel a surge of power!
The troll is engulfed in freezing vapours. x2
Unknown command.
Sorry, you're not good enough to have a special ability.
Unknown command.
Unknown command.
Okay, then.
Casting: Freezing Cloud (dangerous; 2% risk of failure)
Confirm with . or Enter, or press ? or * to list all spells.
Aiming: Stone Arrow (safe; 1% risk of failure)
Press: ? - help, Shift-Dir - straight line, f - troll, p - troll
Aim: a troll (freezing vapour, moderately wounded, 78% to hit)
You feel a surge of power!
The stone arrow hits the troll!!
The troll is almost dead.
The troll is engulfed in freezing vapours.
You kill the troll!
The troll leather armour is intact enough to wear.
The troll is engulfed in freezing vapours.
You feel better.
The troll is engulfed in freezing vapours.
You closely miss the troll.
The troll is severely wounded.
The troll is engulfed in freezing vapours.
The troll bites you!
* * * LOW HITPOINT WARNING * * *
The troll claws you but does no damage. The troll claws you!
You die...

## O.## ... # .C.#.
....... # ......
....... ..#.) ......
#..)# ######...$#
..##..)###§.##O...#
....)..§§#§§§....##
...O.)§§§§§T@§.[..#
..(O..§§§§§§§§....#
...[#.§○#.§§§§§§.##
.....#.#...§§§.§.#
......∩.....§§§OO#
.....#.#...#.....)#
....#...#..##.[.....
......$........[[....
........#.#$.........


You could see 2 two-headed ogres, a troll and an ogre.

Vanquished Creatures
  Harold (D:9)
  An ogre mage (Orc:2)
  Erica (D:11)
  4 boulder beetles
  5 two-headed ogres
  Sonja (D:12)
  A deep troll (Orc:2)
  A deep elf pyromancer (D:11)
  5 cyclopes
  2 ugly things
  2 manticores
  Maurice (D:9)
  A gargoyle (D:11)
  2 unseen horrors
  2 komodo dragons
  4 trolls
  3 hornets
  6 slime creatures
  A wyvern (D:10)
  5 shadows
  2 wraiths (D:9)
  2 yaks
  2 steam dragons
  A warg (Orc:1)
  Edmund (D:6)
  4 acid dragons
  3 vampire mosquitoes (D:11)
  11 orc warriors
  2 ice beasts
  A black bear (D:7)
  11 ogres
  A boggart (D:11)
  11 centaurs
  3 phantoms
  2 kobold brigands
  7 bullfrogs
  3 necrophages
  2 gnoll sergeants
  6 scorpions
  14 wights
  5 killer bees (D:9)
  2 howler monkeys (D:10)
  3 electric eels (D:8)
  5 orc priests
  9 hounds
  A jelly (D:6)
  3 gnoll boudas
  2 iguanas
  7 orc wizards
  9 mummies
  20 gnolls
  8 adders
  A shadow imp (D:7)
  4 white imps
  An ufetubus (D:4)
  A dart slug (D:3)
  A worm (D:2)
  41 orcs
  10 ball pythons
  7 bats
  A bat zombie (D:9)
  8 endoplasms
  3 giant cockroaches
  A gnoll zombie (Ossuary)
  6 goblins
  4 hobgoblins
  3 jackals
  A quokka (D:1)
  3 frilled lizards
  3 goblin skeletons (D:8)
  7 hobgoblin zombies
  12 kobolds
  2 kobold skeletons (D:8)
  4 kobold zombies
  An orc skeleton (D:8)
  9 rats
  A rat zombie (D:9)
  A lurking horror (D:5)
348 creatures vanquished.

Vanquished Creatures (others)
  16 plants
16 creatures vanquished.

Grand Total: 364 creatures vanquished

Notes
Turn   | Place    | Note
-------+----------+-------------------------------------------
     0 | D:1      | hikkokomori the Demigod Earth Elementalist began the quest
                  | for the Orb.
     0 | D:1      | Reached XP level 1. HP: 14/14 MP: 5/5
    71 | D:1      | Reached skill level 1 in Transmutations
   342 | D:1      | Reached skill level 3 in Earth Magic
   344 | D:1      | Reached XP level 2. HP: 20/20 MP: 2/7
  1256 | D:2      | Reached XP level 3. HP: 16/26 MP: 5/8
  2016 | D:3      | Reached XP level 4. HP: 27/33 MP: 10/10
  2236 | D:3      | Reached skill level 4 in Earth Magic
  2551 | D:4      | Found a sand-covered staircase.
  2560 | Ossuary  | Entered an ossuary
  2619 | Ossuary  | Reached XP level 5. HP: 38/38 MP: 9/12
  3049 | D:4      | Reached skill level 5 in Earth Magic
  3049 | D:4      | Reached XP level 6. HP: 45/45 MP: 9/13
  3362 | D:4      | Found Tucof's Tempting Trifles.
  3382 | D:4      | Learned a level 2 spell: Passwall
  3386 | D:4      | Learned a level 3 spell: Stone Arrow
  3390 | D:4      | Learned a level 3 spell: Mephitic Cloud
  3401 | D:4      | Identified the +0 ring mail of the Black Moon {Rampage +Inv
                  | rC-}
  3576 | D:5      | Entered Level 5 of the Dungeon
  3677 | D:5      | Found a one-way gate to the infinite horrors of the Abyss.
  3827 | D:5      | Reached skill level 1 in Poison Magic
  3937 | D:5      | Reached skill level 1 in Conjurations
  4102 | D:5      | Reached XP level 7. HP: 50/50 MP: 10/15
  4413 | D:5      | Noticed a yak
  4576 | D:5      | Reached skill level 6 in Earth Magic
  4615 | D:5      | Killed a yak
  4696 | D:5      | Reached XP level 8. HP: 45/57 MP: 12/17
  4799 | D:6      | Reached skill level 7 in Earth Magic
  4892 | D:6      | Noticed Edmund
  4905 | D:6      | Killed Edmund
  5055 | D:4      | Bought a +0 triple sword for 120 gold pieces
  5055 | D:4      | Bought a +0 triple crossbow for 120 gold pieces
  5055 | D:4      | Bought a scroll of teleportation for 36 gold pieces
  5437 | D:6      | Reached skill level 5 in Spellcasting
  5448 | D:6      | Learned a level 5 spell: Freezing Cloud
  5644 | D:6      | Reached XP level 9. HP: 62/62 MP: 20/20
  5748 | D:7      | Reached skill level 8 in Earth Magic
  5786 | D:7      | Found a staircase to the Ecumenical Temple.
  5813 | D:7      | Reached skill level 1 in Ice Magic
  5813 | D:7      | Reached skill level 1 in Air Magic
  5936 | D:7      | Got Fyj Peist's Octavo of Stones and the Wayfarer
  7222 | D:8      | Noticed a two-headed ogre
  7227 | D:8      | Killed a two-headed ogre
  7317 | D:8      | Reached XP level 10. HP: 69/69 MP: 11/21
  7451 | D:8      | Paralysed by a hornet for 1 turns
  7682 | D:8      | Identified a scroll of acquirement
  7683 | D:8      | Acquired a staff of conjuration
  7901 | D:9      | Reached skill level 5 in Conjurations
  8001 | D:9      | Noticed Maurice
  8011 | D:9      | Reached skill level 9 in Earth Magic
  8011 | D:9      | Killed Maurice
  8249 | D:9      | Noticed a two-headed ogre
  8251 | D:9      | Killed a two-headed ogre
  8252 | D:9      | Reached skill level 5 in Transmutations
  8569 | D:9      | Noticed Harold
  8574 | D:9      | Killed Harold
  8713 | D:9      | Found a staircase to the Lair.
  9213 | D:10     | Entered Level 10 of the Dungeon
  9428 | D:10     | Found a staircase to the Orcish Mines.
  9438 | D:10     | Reached skill level 5 in Ice Magic
  9438 | D:10     | Reached skill level 5 in Air Magic
 10682 | D:11     | Noticed a manticore
 10688 | D:11     | Killed a manticore
 10689 | D:11     | Reached XP level 11. HP: 74/74 MP: 16/22
 10695 | D:11     | Noticed a boulder beetle
 10703 | D:11     | Killed a boulder beetle
 10835 | D:11     | Found a runed translucent door.
 10840 | D:11     | Noticed a deep elf pyromancer
 10848 | D:11     | Killed a deep elf pyromancer
 11007 | D:11     | Noticed a boulder beetle
 11017 | D:11     | Killed a boulder beetle
 11022 | D:11     | Found a runed translucent door.
 11022 | D:11     | Noticed Erica
 11036 | D:11     | Identified the +6 scale mail of the Many Bones {rElec
                  | rPois}
 11044 | D:11     | Killed Erica
 11045 | D:11     | Reached skill level 10 in Earth Magic
 11315 | D:11     | Learned a level 6 spell: Statue Form
 11479 | D:11     | Noticed a two-headed ogre
 11485 | D:11     | Killed a two-headed ogre
 11486 | D:11     | Reached skill level 1 in Fighting
 12094 | D:11     | Noticed a boulder beetle
 12104 | D:11     | Killed a boulder beetle
 12782 | D:11     | Noticed a boulder beetle
 13531 | D:12     | Noticed Sonja
 13538 | D:12     | Killed Sonja
 13539 | D:12     | Reached XP level 12. HP: 91/91 MP: 13/24
 14013 | D:12     | Noticed a boulder beetle
 14021 | D:12     | Killed a boulder beetle
 14183 | D:12     | Reached skill level 11 in Earth Magic
 14705 | D:12     | Identified the +5 spear "Yrumpaso" {freeze, rPois MP+9
                  | Str-2 Dex+3}
 14874 | Orc:1    | Entered Level 1 of the Orcish Mines
 14885 | Orc:2    | Entered Level 2 of the Orcish Mines
 14891 | Orc:1    | Found Qockinne's Magic Scroll Shop.
 15248 | Orc:2    | Found Ucluh's Book Shoppe.
 15372 | Orc:2    | Noticed an ogre mage
 15520 | Orc:1    | Upgraded the game from 0.30-a0-335-ge5acde7520 to
                  | 0.30-a0-339-g89bb51ec76
 15538 | Orc:2    | Killed an ogre mage
 15539 | Orc:2    | Reached skill level 5 in Fighting
 16078 | Orc:2    | HP: 1/94 [ogre/+0 giant club (28)]
 16092 | Orc:2    | Slain by a troll

Illustrated notes

Levels and vault maps discovered:
D:1:      scummos_arrival_star, layout_basic
D:2:      layout_basic, shapermc_ecumenical_altar_notcrosses,
          columned_hall_lemuel
D:3:      layout_basic, general_overflow_altar, lemuel_doored_altar
D:4:      layout_basic, nicolae_ashenzari_skybound, xom_redecorated,
          chequers_ossuary_entry_cave, nicolae_alphabet_shops
D:5:      cheibrodos_barr_body, layout_loops_ring, old_standard_altar,
          old_standard_altar, amcnicky_altar_lugonu_corruption
D:6:      layout_cave_pools, mainiacjoe_overflow_catwalk, slow_altar_2,
          uniq_edmund
D:7:      layout_cave_pools, nicolae_wu_jian_wuxing_cycle,
          overflow_temple_1_default, mainiacjoe_overflow_divided_tiny,
          minmay_temple_entry_statues_fountains, kennysheep_donut
D:8:      layout_basic, nicolae_tso_besieged_by_evil, chequers_big_river
D:9:      layout_basic, lemuel_zombie_altar_kikubaaqudgha, lemuel_round_altar,
          david_lair_shrubbed, dk_vineyard_3, uniq_harold, uniq_maurice
D:10:     layout_basic, mainiacjoe_overflow_alcove_2, david_orc_3,
          bh_walls_and_bars
D:11:     cheibrodos_histonic, layout_loops_ring, nicolae_straight_to_the_point,
          uniq_erica
D:12:     layout_irregular_city, uniq_sonja
Orc:1:    dreamdust_wu_jian_sword_trials, layout_caves, serial_shops, shop,
          nicolae_orc_bridge_out
Orc:2:    st_orc_open, layout_diamond_mine, serial_shops,
          nicolae_shop_advertising_works [nicolae_subvault_shop_adworks]

Skill      XL: |  1  2  3  4  5  6  7  8  9 10 11 12 |
---------------+-------------------------------------+-----
Transmutations | 1 2 3 4 5 6 |  6.5
Earth Magic    | 3 4 5 6 7 8 9 10 11 | 11.5
Spellcasting   | 2 3 4 5 6 |  6.4
Poison Magic   | 1 2 3 |  3.8
Conjurations   | 1 2 3 4 6 8 |  8.9
Ice Magic      | 3 5 6 |  6.0
Air Magic      | 3 5 6 |  6.0
Fighting       | 3 5 |  5.4
Ranged Weapons | |  0.2
Dodging        | |  1.7
Stealth        | |  1.7

Action                   |  1- 3 |  4- 6 |  7- 9 | 10-12 || total
-------------------------+-------+-------+-------+-------++-------
Melee: Unarmed           |     8 |       |       |       ||     8
       Staff             |       |       |       |    21 ||    21
 Fire: Sling             |    65 |    77 |    30 |       ||   172
       Triple crossbow   |       |       |    85 |    10 ||    95
 Cast: Sandblast         |    41 |    59 |   117 |    38 ||   255
       Mephitic Cloud    |       |       |     3 |     2 ||     5
       Stone Arrow       |       |       |     7 |   104 ||   111
       Freezing Cloud    |       |       |     5 |   104 ||   109
       Statue Form       |       |       |       |     2 ||     2
       Passwall          |       |       |       |     1 ||     1
Evoke: Wand              |       |       |       |     8 ||     8
  Use: Scroll            |       |     9 |     9 |    14 ||    32
       Potion            |       |     1 |       |    13 ||    14
Armor: Robe              |    10 |     6 |    16 |    16 ||    48
       Skin              |       |     8 |       |     5 ||    13
Dodge: Dodged            |    36 |    12 |    52 |    90 ||   190

Table legend: (Time is in decaauts)
 A = Elapsed time spent in this place.
 B = Non-inter-level travel time spent in this place.
 C = Inter-level travel time spent in this place.
 D = Time resting spent in this place.
 E = Time spent auto-exploring this place.
 F = Levels seen in this place.
 G = Mean time per level.
                   A        B        C        D        E       F      G
               +--------+--------+--------+--------+--------+-----+--------+
         Total |  16501 |  15806 |    695 |   4118 |   9104 |  15 | 1100.1 |
       Dungeon |  14852 |  14210 |    642 |   3334 |   8646 |  12 | 1237.7 |
  Orcish Mines |   1226 |   1174 |     52 |    784 |    160 |   2 |  613.0 |
       Ossuary |    422 |    422 |      0 |      0 |    298 |   1 |  422.0 |
               +--------+--------+--------+--------+--------+-----+--------+

Top non-repeatable levels by time:
    D:11: 2391 daAuts
    D:12: 1785 daAuts
    D:10: 1560 daAuts
     D:8: 1527 daAuts
     D:9: 1349 daAuts
     D:5: 1316 daAuts
     D:1: 1084 daAuts
   Orc:1: 1028 daAuts
     D:2: 927 daAuts
     D:6: 869 daAuts
     D:4: 849 daAuts
     D:7: 739 daAuts
     D:3: 451 daAuts
 Ossuary: 422 daAuts
   Orc:2: 198 daAuts
